 Dungeon Crawl Stone Soup version 0.30-a0-1066-g63dfefce0d (webtiles) character file.

Game seed: 2591426399562624876

13896 jasper the Thaumaturge (level 12, -19/86 HPs)
             Began as a Djinni Venom Mage on Apr 12, 2023.
             Engulfed by a cloud of freezing vapour (28 damage)
             ... on level 11 of the Dungeon.
             The game lasted 00:20:59 (11907 turns).

jasper the Thaumaturge (Djinni Venom Mage)         Turns: 11907, Time: 00:21:00

Health: -19/86     AC: 16    Str:  7    XL:     12   Next: 38%
Gold:   152        EV:  6    Int: 29    God:
                   SH:  0    Dex: 11

rFire   + + .      SeeInvis +    E - staff of conjuration
rCold   x . .      Faith    .    (no shield)
rNeg    + . .      Spirit   .    K - quicksilver dragon scales of the Vestibule of Hell {rPois Will+ rCorr Int+6 Dex-4}
rPois   ∞          Reflect  .    s - +1 helmet of Love and Death {Fly rCorr Int+2 SInv}
rElec   .          Rampage  .    (no cloak)
rCorr   +                        l - +1 pair of gloves
Will    ++...                    (boots unavailable)
Stlth   +                        (no amulet)
HPRegen 0.34/turn                p - ring of positive energy
MPRegen 0.00/turn                (no ring)

@: flying, held
A: sickness immunity, fire resistance 2, cold vulnerability 1, float, innate
caster, HP casting, extra vitality 1
a: no special abilities


You were on level 11 of the Dungeon.
You visited 2 branches of the dungeon, and saw 12 of its levels.
You also visited: Bailey.

You collected 645 gold pieces.
You spent 493 gold pieces at shops.

Inventory:

Hand Weapons
 c - a +1 hand axe
 B - the +10 triple sword of the Sun {freeze, rC+ Int+3}
   (You found it on level 8 of the Dungeon)

   Int:       It affects your intelligence (+3).
   rC:        It protects you from cold.
Missiles
 q - 2 throwing nets
Armour
 a - a +0 robe
 l - a +1 pair of gloves (worn)
 r - a +0 helmet
 s - the +1 helmet of Love and Death (worn) {Fly rCorr Int+2 SInv}
   (You found it on level 4 of the Dungeon)

   Int:       It affects your intelligence (+2).
   SInv:      It lets you see invisible.
   Fly:       It grants you flight.
   rCorr:     It protects you from acid and corrosion.
 v - the +2 ring mail "Vyal" {Drain rElec Regen+}
   (You found it on level 8 of the Dungeon)

   rElec:     It insulates you from electricity.
   Regen:     It increases your rate of health regeneration.
   Drain:     It drains your maximum health when unequipped.
 y - +0 steam dragon scales
 K - the quicksilver dragon scales of the Vestibule of Hell (worn) {rPois Will+ rCorr Int+6 Dex-4}
   (You found it in a bailey)

   Int:       It affects your intelligence (+6).
   Dex:       It affects your dexterity (-4).
   rPois:     It protects you from poison.
   rCorr:     It protects you from acid and corrosion.
   Will:      It increases your willpower.
 L - a +1 kite shield of protection
Magical Staves
 k - a staff of air
 n - a staff of death
 C - a staff of air
 E - a staff of conjuration (weapon)
 M - a staff of poison
Jewellery
 p - a ring of positive energy (left hand)
 u - a ring of wizardry
 x - an amulet of regeneration
 I - a ring of see invisible
 J - an amulet of the acrobat
Wands
 w - a wand of charming (9)
 G - a wand of flame (13)
 H - a wand of roots (6)
Scrolls
 b - 2 scrolls of poison
 d - 4 scrolls of fear
 m - a scroll of fog
 D - a scroll of teleportation
 F - a scroll of blinking
 Q - a scroll of identify
Potions
 e - 8 potions of heal wounds
 f - 8 potions of curing
 g - a potion of mutation
 h - 4 potions of brilliance
 i - 4 potions of flight
 j - 2 potions of attraction
 o - 2 potions of magic
 t - 3 potions of haste
 A - a potion of might
 N - a potion of resistance
 O - a potion of cancellation
Miscellaneous
 z - a condenser vane


   Skills:
 - Level 8.0 Fighting
 - Level 7.3 Armour
 - Level 9.1 Dodging
 - Level 1.5 Stealth
 + Level 7.7 Shields
 - Level 9.2 Spellcasting


You knew the following spells:

 Your Spells              Type           Power      Damage    Failure   Level
a - Sting                 Tmut/Pois      100%       1d8       1%          1
b - Poisonous Vapours     Pois/Air       100%       N/A       1%          2
c - Mephitic Cloud        Conj/Pois/Air  79%        N/A       1%          3
d - Olgreb's Toxic Radia  Pois           61%        N/A       2%          4
e - Freeze                Ice            100%       1d10      1%          1
f - Passwall              Tmut/Erth      50%        N/A       1%          2
g - Searing Ray           Conj           100%       2d8       1%          2
h - Cause Fear            Hex            30%        N/A       2%          4
i - Freezing Cloud        Conj/Ice/Air   39%        6-21      8%          5
Your spell library was empty.

Dungeon Overview and Level Annotations

Branches:
Dungeon (11/15)            Temple (1/1) D:5            Lair (0/5) D:9
    Orc (0/2) D:9          Bailey (visited)

Altars:
Ashenzari
Cheibriados
Dithmenos
Fedhas
Gozag
Hepliaklqana
Makhleb
Nemelex Xobeh
Qazlal
Trog
Xom
Yredelemnul
Zin

Shops:
D:9 !

Annotations:
D:3 Grinder
D:11 Harold


Innate Abilities, Weirdness & Mutations

You are immune to sickness and miasma.
You are immune to poison.
Your flesh is very heat resistant. (rF++)
You are vulnerable to cold. (rC-)
You float through the air rather than walking.
You learn spells naturally, not from books.
Your magical power is your life essence.
You have superior vitality. (+4 MHP)


Message History

You struggle against the net.
You tear a large gash into the net.
Casting: Poisonous Vapours (safe; 1% risk of failure)
Confirm with . or Enter, or press ? or * to list all spells.
Aiming: Poisonous Vapours (safe; 1% risk of failure)
Press: ? - help, Dir - move target, f/p - Harold
Aim: Harold, wielding a +0 dire flail, wearing a +0 chain mail and quivering 2 throwing nets (lightly wounded, very poisoned) Poisonous vapours surround Harold!
Harold looks as sick as possible!
You take 1 damage, and have 85/86 hp.
Casting: Poisonous Vapours (safe; 1% risk of failure)
Confirm with . or Enter, or press ? or * to list all spells.
Aiming: Freezing Cloud (dangerous; 8% risk of failure)
Press: ? - help, Dir - move target, f/p - Harold
Aim: Harold, wielding a +0 dire flail, wearing a +0 chain mail and quivering 2 throwing nets (lightly wounded, extremely poisoned)
You feel a surge of power!
Harold is engulfed in freezing vapours.
You take 5 damage, and have 80/86 hp.
Casting: Freezing Cloud (dangerous; 8% risk of failure)
Confirm with . or Enter, or press ? or * to list all spells.
Aiming: Freezing Cloud (dangerous; 8% risk of failure)
Press: ? - help, Dir - move target, f - you, p - Harold You feel a surge of power!
That beam is likely to hit you.
Continue anyway?
Okay, then.
You rip the net and break free!
Harold is engulfed in freezing vapours.
Casting: Freezing Cloud (dangerous; 8% risk of failure)
Confirm with . or Enter, or press ? or * to list all spells.
Aiming: Freezing Cloud (dangerous; 8% risk of failure)
Press: ? - help, Dir - move target You feel a surge of power!
That beam is likely to hit you.
Continue anyway?
You are engulfed in freezing vapours.
Harold is engulfed in freezing vapours.
Harold throws a throwing net.
The throwing net hits you.
You become entangled in the net!
You take 44 damage, and have 36/86 hp.
MASSIVE DAMAGE!!
You struggle against the net.
You are engulfed in freezing vapours.
* * * LOW HITPOINT WARNING * * *
Harold is engulfed in freezing vapours.
You take 27 damage, and have 9/86 hp.
MASSIVE DAMAGE!!
You struggle against the net.
You are engulfed in freezing vapours.
You die...

###### #.## #....# #..####
#....##### #...>.#
........# #.......#......
#.....# #...#...#.....#
#.###○§§.§###...#...#.....+
#...(§§§§@@.....#...#.....
#...#§§§§§..........#.. .
+...#..§§§###.......#.#.###
#...###'### #.##....#.#....
..... #.# #.# #..<......
##.... #.# #.# #.##†#.###
#..@. #.# #.# # #†# #....
#.# #.# #†# #.# #.# #.#


You could see Harold (extremely poisoned).

Vanquished Creatures
  2 centaur warriors (D:8)
  A two-headed ogre (D:9)
  A boulder beetle (D:8)
  An orc knight (D:8)
  An orc sorcerer (D:8)
  A manticore (D:8)
  An elephant (D:9)
  A gargoyle (Bailey)
  Maggie (D:7)
  An unseen horror (D:10)
  A komodo dragon (D:11)
  2 kobold demonologists (D:10)
  3 trolls
  A hornet (D:7)
  A vampire (Bailey)
  2 wyverns
  A wraith (D:8)
  9 yaks
  A basilisk (D:9)
  2 steam dragons
  4 vampire mosquitoes
  A warg (D:8)
  A water moccasin (D:7)
  3 acid dragons
  2 black bears
  An orc warrior (D:8)
  4 ice beasts
  3 ogres
  A phantom (D:4)
  4 centaurs
  Blork the orc (D:4)
  2 kobold brigands
  7 bullfrogs
  A gnoll sergeant (D:8)
  3 scorpions
  6 wights
  6 killer bees (D:9)
  7 vampire bats (Bailey)
  2 electric eels (D:9)
  4 howler monkeys
  3 wolf zombies (Bailey)
  2 jellies
  3 hounds (D:5)
  2 orc priests (D:6)
  A sleepcap (D:5)
  8 iguanas
  3 orc wizards
  Robin (D:4)
  11 gnolls
  7 adders
  A shadow imp (D:6)
  6 white imps
  5 ufetubi
  A worm (D:3)
  5 dart slugs
  17 orcs
  6 endoplasms
  6 giant cockroaches (D:1)
  18 goblins
  6 hobgoblins
  4 jackals (D:3)
  5 quokkas
  3 ball pythons
  3 bats
  14 kobolds
  18 orc zombies (Bailey)
  9 rats
265 creatures vanquished.

Vanquished Creatures (others)
  19 fungi (D:10)
19 creatures vanquished.

Grand Total: 284 creatures vanquished

Notes
Turn   | Place    | Note
-------+----------+-------------------------------------------
     0 | D:1      | jasper the Djinni Venom Mage began the quest for the Orb.
     0 | D:1      | jasper set off with the following spells memorised: Sting,
                  | Poisonous Vapours, Mephitic Cloud, Olgreb's Toxic Radiance.
     0 | D:1      | Reached XP level 1. HP: 15/15 MP: 0/0
   124 | D:1      | Reached XP level 2. HP: 22/22 MP: 0/0
   377 | D:1      | Reached skill level 1 in Fighting
   377 | D:1      | Reached XP level 3. HP: 25/27 MP: 0/0
   377 | D:1      | Learned a level 1 spell: Freeze
   771 | D:2      | Found a faded altar of an unknown god.
  1019 | D:2      | Reached XP level 4. HP: 13/32 MP: 0/0
  1893 | D:3      | Reached XP level 5. HP: 38/38 MP: 0/0
  1893 | D:3      | Learned a level 2 spell: Passwall
  2111 | D:3      | Noticed Grinder
  2345 | D:4      | Identified the +1 helmet of Love and Death {Fly rCorr Int+2
                  | SInv}
  2353 | D:4      | Identified the +0 robe of the Nexus {Fly rPois rF++ Stlth-}
  2549 | D:4      | Noticed a phantom
  2588 | D:4      | Killed a phantom
  2589 | D:4      | Reached XP level 6. HP: 42/45 MP: 0/0
  2831 | D:4      | Noticed an ogre
  2864 | D:4      | Killed an ogre
  2865 | D:4      | Reached XP level 7. HP: 48/50 MP: 0/0
  2865 | D:4      | Learned a level 2 spell: Searing Ray
  2962 | D:4      | Noticed Robin
  2972 | D:4      | Killed Robin
  3163 | D:4      | Noticed Blork the orc
  3201 | D:4      | Killed Blork the orc
  3551 | D:5      | Entered Level 5 of the Dungeon
  3756 | D:5      | Reached skill level 5 in Dodging
  3756 | D:5      | Reached skill level 5 in Spellcasting
  3756 | D:5      | Reached XP level 8. HP: 29/58 MP: 0/0
  3893 | D:5      | Found a staircase to the Ecumenical Temple.
  3919 | Temple   | Entered the Ecumenical Temple
  5046 | D:5      | Reached skill level 5 in Fighting
  5046 | D:5      | Reached XP level 9. HP: 41/65 MP: 0/0
  5046 | D:5      | Learned a level 4 spell: Cause Fear
  7204 | D:7      | Noticed Maggie
  7224 | D:7      | Killed Maggie
  7359 | D:7      | Reached XP level 10. HP: 33/73 MP: 0/0
  8443 | D:8      | Noticed a centaur warrior
  8444 | D:8      | Noticed a centaur warrior
  8445 | D:8      | Noticed a boulder beetle
  8447 | D:8      | Noticed a manticore
  8450 | D:8      | Killed a centaur warrior
  8450 | D:8      | Killed a centaur warrior
  8450 | D:8      | Killed a manticore
  8451 | D:8      | Reached XP level 11. HP: 68/81 MP: 0/0
  8451 | D:8      | Learned a level 5 spell: Freezing Cloud
  8451 | D:8      | Killed a boulder beetle
  8533 | D:8      | Identified the +2 ring mail "Vyal" {Drain rElec Regen+}
  8621 | D:8      | Identified the +2 robe of the Fife {rF- Will+ Int+3}
  8644 | D:8      | Identified the +10 triple sword of the Sun {freeze, rC+
                  | Int+3}
  8774 | D:8      | Reached skill level 1 in Armour
  8892 | D:8      | Noticed an orc sorcerer
  8894 | D:8      | Noticed an orc knight
  8898 | D:8      | Killed an orc sorcerer
  9134 | D:8      | Killed an orc knight
  9135 | D:8      | Reached skill level 5 in Armour
  9166 | D:8      | Found a shimmering altar of Xom.
  9395 | D:9      | Found a staircase to the Orcish Mines.
  9396 | D:9      | Noticed a two-headed ogre
  9425 | D:9      | Killed a two-headed ogre
  9621 | D:9      | Found a broken altar of Ashenzari.
  9633 | D:9      | Found Wousofea's Distillery.
  9634 | D:9      | Found a flagged portal.
  9649 | Bailey   | Entered a bailey
  9803 | Bailey   | Identified the quicksilver dragon scales of the Vestibule
                  | of Hell {rPois Will+ rCorr Int+6 Dex-4}
 10107 | D:9      | Noticed an elephant
 10115 | D:9      | Killed an elephant
 10116 | D:9      | Reached skill level 1 in Shields
 10215 | D:9      | Bought a potion of resistance for 170 gold pieces
 10215 | D:9      | Bought 2 potions of curing for 102 gold pieces
 10215 | D:9      | Bought a potion of heal wounds for 85 gold pieces
 10215 | D:9      | Bought a potion of cancellation for 136 gold pieces
 10293 | D:9      | Found a staircase to the Lair.
 10735 | D:10     | Entered Level 10 of the Dungeon
 10741 | D:10     | Found an opulent altar of Gozag.
 10768 | D:10     | Reached XP level 12. HP: 58/86 MP: 0/0
 10771 | D:10     | Reached skill level 5 in Shields
 10795 | D:10     | Noticed a sun demon
 10883 | D:10     | Found a shadowy altar of Dithmenos.
 11636 | D:11     | HP: 2/86 [troll (7)]
 11892 | D:11     | Noticed Harold
 11907 | D:11     | Engulfed by a cloud of freezing vapour

Illustrated notes

Levels and vault maps discovered:
D:1:      lemuel_arrival_broad_hall, layout_rooms
D:2:      layout_loops_ring, hellmonk_ecumenical_altar_run_dry
D:3:      layout_basic, lemuel_doored_altar, nicolae_overflow_hidden_temple,
          grunt_decor_fettered, minmay_misc_feat_columns, st_stairs_11,
          uniq_grinder, uniq_terence
D:4:      layout_loops_cross, bh_walls_and_bars, uniq_blork_the_orc, uniq_robin
D:5:      layout_loops_cross, minmay_temple_entry_crystal_x, nzn_random_ring
D:6:      layout_rooms, chequers_serial_rivers_small_a, corexii_hall_statues_i
D:7:      layout_layer_cave, chequers_serial_rivers_micro_c, uniq_maggie
D:8:      minmay_the_grid_plus_closed [minmay_the_grid_mess,
          minmay_the_grid_armoury, minmay_the_grid_stretched_grid,
          minmay_the_grid_zigzag_pyramid, minmay_the_grid_prize_trominoes],
          layout_basic, nicolae_overflow_crystal_walls
D:9:      layout_irregular_city, mainiacjoe_overflow_small_starburst,
          david_lair_generic, orc_0_dummy, enter_bailey_1, serial_shops,
          nicolae_inconvenience_store
D:10:     layout_layer_cave, mainiacjoe_overflow_cross_hatched,
          old_standard_altar
D:11:     layout_basic, gauntlet_entry_generic,
          portal_ice_cave_entry_ice_simulacra, uniq_lodul, uniq_harold
Temple:   hc_temple_tempest_star

Skill      XL: |  1  2  3  4  5  6  7  8  9 10 11 12 |
---------------+-------------------------------------+-----
Fighting       | 1 2 3 5 6 7 8 |  8.0
Spellcasting   | 3 4 5 6 7 9 |  9.2
Dodging        | 3 4 5 6 7 8 9 |  9.1
Armour         | 7 |  7.3
Shields        | 4 7 |  7.7
Stealth        | |  1.5

Action                     |  1- 3 |  4- 6 |  7- 9 | 10-12 || total
---------------------------+-------+-------+-------+-------++-------
  Melee: Hand axe          |    11 |    21 |    86 |    44 ||   162
         Unarmed           |       |    16 |       |       ||    16
         Triple sword      |       |       |       |   101 ||   101
         Staff             |       |       |       |    42 ||    42
   Cast: Sting             |    50 |    50 |    13 |       ||   113
         Freeze            |     4 |     7 |     1 |    10 ||    22
         Poisonous Vapours |       |    31 |    55 |    50 ||   136
         Olgreb's Toxic Ra |       |     1 |    13 |    24 ||    38
         Searing Ray       |       |       |    24 |     2 ||    26
         Mephitic Cloud    |       |       |     1 |     3 ||     4
         Freezing Cloud    |       |       |       |    15 ||    15
    Use: Scroll            |     5 |     2 |     6 |     7 ||    20
         Potion            |       |     2 |       |     1 ||     3
 Armour: Robe              |     3 |     8 |    58 |       ||    69
         Skin              |       |    11 |       |       ||    11
         Steam dragon scal |       |       |     6 |    29 ||    35
         Quicksilver drago |       |       |       |   102 ||   102
         Ring mail         |       |       |       |    64 ||    64
  Dodge: Dodged            |    24 |    39 |   174 |   276 ||   513

Table legend: (Time is in decaauts)
 A = Elapsed time spent in this place.
 B = Non-inter-level travel time spent in this place.
 C = Inter-level travel time spent in this place.
 D = Time resting spent in this place.
 E = Time spent auto-exploring this place.
 F = Levels seen in this place.
 G = Mean time per level.
                   A        B        C        D        E       F      G
               +--------+--------+--------+--------+--------+-----+--------+
         Total |  12041 |  11787 |    254 |    813 |   8704 |  13 |  926.2 |
       Dungeon |  11279 |  11033 |    246 |    813 |   8222 |  11 | 1025.4 |
        Temple |    251 |    243 |      8 |      0 |    231 |   1 |  251.0 |
        Bailey |    509 |    509 |      0 |      0 |    251 |   1 |  509.0 |
               +--------+--------+--------+--------+--------+-----+--------+

Top non-repeatable levels by time:
     D:5: 1864 daAuts
     D:4: 1437 daAuts
     D:8: 1412 daAuts
     D:6: 1216 daAuts
     D:7: 1082 daAuts
     D:9: 896 daAuts
     D:2: 827 daAuts
     D:1: 773 daAuts
    D:10: 740 daAuts
     D:3: 590 daAuts
  Bailey: 509 daAuts
    D:11: 438 daAuts
  Temple: 251 daAuts
